 Dungeon Crawl Stone Soup version 0.30.1-9-gdf580d7c3d (webtiles) character file.

Game seed: 15212879858695939890

144 KittyFluff the Cudgeller (level 5, -4/49 HPs)
             Began as a Gargoyle Berserker on Oct 21, 2023.
             Was a Believer of Trog.
             Slain by Robin
             ... wielding a +4 dagger of speed
              (5 damage)
             ... on level 3 of the Dungeon.
             The game lasted 00:09:04 (2479 turns).

KittyFluff the Cudgeller (Gargoyle Berserker)       Turns: 2479, Time: 00:09:05

Health: -4/49      AC:  8    Str: 23    XL:     5   Next: 26%
Magic:  5/5        EV: 11    Int:  7    God:    Trog [**....]
Gold:   183        SH:  0    Dex:  9    Spells: 4/4 levels left

rFire   + . .        a - +0 mace
rCold   . . .        (no shield)
rNeg    + . .        i - +0 leather armour
rPois   ∞            (no helmet)
rElec   +            m - +0 cloak
rCorr   .            (no gloves)
SInv    .            (no boots)
Will    .....        (no amulet) Stlth
                     c - ring of protection from fire
HPRegen 0.28/turn    (no ring)
MPRegen 0.09/turn

%: no passive effects
@: berserking, very quick
A: sickness immunity, AC +4, negative energy resistance 1, electricity
resistance, torment resistance 1, petrification resistance
a: Renounce Religion, Berserk, Trog's Hand


You were on level 3 of the Dungeon.
You worshipped Trog.
Trog was pleased with you.
You visited 1 branch of the dungeon, and saw 3 of its levels.

You collected 183 gold pieces.

Inventory:

Hand Weapons
 a - a +0 mace (weapon)
 j - a +0 sling
Missiles
 o - 4 poisoned darts (quivered)
Armour
 i - a +0 leather armour (worn)
 k - a +2 scale mail of poison resistance
 m - a +0 cloak (worn)
Jewellery
 c - a ring of protection from fire (left hand)
Scrolls
 b - a scroll of enchant armour
 f - 2 scrolls of blinking {unknown}
 g - a scroll of identify
 h - 3 scrolls of vulnerability {unknown}
 n - a scroll of fog
Potions
 d - 2 potions of heal wounds
 e - a potion of ambrosia {unknown}
 l - 2 potions of mutation {unknown}


   Skills:
 + Level 4.0 Fighting
 * Level 4.1 Maces & Flails
 * Level 3.8 Armour
 + Level 2.2 Dodging


You had 4 spell levels left.
You didn't know any spells.
Your spell library was empty.

Dungeon Overview and Level Annotations

Branches:
Dungeon (3/15)

Altars:
Sif Muna

Annotations:
D:3 Robin


Innate Abilities, Weirdness & Mutations

You are immune to sickness and miasma.
Your stone body is resilient. (AC +4)
You are immune to poison.
You resist negative energy. (rN+)
You are resistant to electric shocks. (rElec)
You are resistant to unholy torment.
You are immune to petrification.


Message History

Robin roars a battlecry!
The hobgoblin goes into a battle-frenzy!
The goblin hits you but does no damage.
You hit the goblin but do no damage. The goblin completely misses you.
The hobgoblin hits you but does no damage.
Robin says, "My army is invincible!"
You barely miss the goblin. The goblin hits you but does no damage.
The hobgoblin hits you but does no damage.
You closely miss the goblin. The goblin hits you but does no damage.
The hobgoblin barely misses you.
You hit the goblin.
The goblin is heavily wounded.
The goblin hits you but does no damage. The hobgoblin hits you.
You sock the goblin!
You kill the goblin!
Trog accepts your kill. The hobgoblin barely misses you.
Robin throws the goblin at you!
* * * LOW HITPOINT WARNING * * *
The goblin unwields a +0 sling.
The goblin wields a +0 club.
The goblin hits you with a +0 club.
* * * LOW HITPOINT WARNING * * *
The hobgoblin hits you but does no damage.
A red film seems to cover your vision as you go berserk!
You feel yourself moving faster!
You feel mighty! The goblin barely misses you.
The hobgoblin hits you but does no damage.
You bludgeon the goblin!!
You kill the goblin!
Trog accepts your kill.
Your Fighting skill increases to level 4!
You hit the hobgoblin.
You kill the hobgoblin!
Trog accepts your kill.
You closely miss Robin. Robin completely misses you.
You closely miss Robin. Robin closely misses you.
Robin hits you with a +4 dagger of speed.
* * * LOW HITPOINT WARNING * * *
You sock Robin!
Robin is severely wounded.
Robin hits you with a +4 dagger of speed.
You die...

..........................##
...........................
..........................
.#####..........).......#
###...###................#
##.......##...............##
##....)....##...............#
#....≈≈≈....##.#g########...#
#...≈≈≈≈≈...####@# #.#>...#
...≈≈...≈≈.....#)# ######+####.#
...≈≈.>.≈≈.......# #...........#
...≈≈...≈≈.....#.# #...........#
#...≈≈≈≈≈...####.###...........#
#....≈≈≈....##+#...............#
##.........##...########..## #.#
###.......##..............####.#
#.###...###......####....#.....##


You could see Robin.

Vanquished Creatures
  Terence (D:2)
  Jessica (D:3)
  2 adders
  A dart slug (D:3)
  4 orcs (D:3)
  7 ball pythons (D:1)
  4 endoplasms
  3 giant cockroaches (D:1)
  18 goblins
  5 hobgoblins
  4 jackals (D:1)
  4 bats
  3 frilled lizards
  3 kobolds
  3 rats
63 creatures vanquished.

Notes
Turn   | Place    | Note
-------+----------+-------------------------------------------
     0 | D:1      | KittyFluff the Gargoyle Berserker began the quest for the
                  | Orb.
     0 | D:1      | Reached XP level 1. HP: 14/14 MP: 1/1
   199 | D:1      | Reached XP level 2. HP: 13/19 MP: 2/2
   624 | D:1      | Found a faded altar of an unknown god.
   740 | D:1      | Reached XP level 3. HP: 21/23 MP: 3/3
   908 | D:2      | Noticed Terence
   930 | D:2      | Killed Terence
   931 | D:2      | Reached XP level 4. HP: 15/29 MP: 4/4
  1371 | D:2      | Reached ** piety under Trog
  1784 | D:3      | HP: 1/43 [orc/+0 hand axe (4)]
  2355 | D:3      | Noticed Jessica
  2362 | D:3      | Found a shimmering blue altar of Sif Muna.
  2374 | D:3      | Killed Jessica
  2375 | D:3      | Reached XP level 5. HP: 33/33 MP: 5/5
  2424 | D:3      | Identified the +1 helmet of the Barnacle {Harm rN+++ Str+3}
  2424 | D:3      | Noticed Robin
  2478 | D:3      | HP: 1/49 [Robin/+4 dagger of speed (5)]
  2479 | D:3      | Slain by Robin

Illustrated notes

Levels and vault maps discovered:
D:1:      scummos_arrival_simple_crosswalls, layout_loops_corners,
          shapermc_ecumenical_altar_mp_ritualfount
D:2:      cheibrodos_helix_gallery, layout_basic, uniq_terence
D:3:      layout_basic, tgw_sif, nicolae_half_adder, uniq_robin

Skill      XL: |  1  2  3  4  5 |
---------------+----------------+-----
Armour         | 3 |  3.8
Dodging        | 2 |  2.2
Maces & Flails | 4 |  4.1
Fighting       | 4 |  4.0

Action                     |  1- 3 |  4- 6 || total
---------------------------+-------+-------++-------
  Melee: Mace              |    84 |   113 ||   197
 Invoke: Berserk           |     1 |     3 ||     4
    Use: Scroll            |       |     3 ||     3
   Stab: Sleeping          |     1 |       ||     1
 Armour: Animal skin       |     9 |       ||     9
         Leather armour    |    26 |    79 ||   105
  Dodge: Dodged            |    45 |    81 ||   126
